 Dungeon Crawl Stone Soup version 0.27.1 (webtiles) character file.

Game seed: 14808539937393098547

2232 shadowrider38 the Slicer (level 9, -3/62 HPs)
             Began as a Kobold Berserker on Aug 24, 2021.
             Was an Elder of Trog.
             Slain by a gnoll (4 damage)
             ... on level 6 of the Dungeon.
             The game lasted 00:21:54 (9612 turns).

shadowrider38 the Slicer (Kobold Berserker)         Turns: 9612, Time: 00:21:55

Health: -3/62      AC: 14    Str: 18    XL:     9   Next: 62%
Magic:  9/9        EV: 10    Int:  8    God:    Trog [****..]
Gold:   311        SH:  0    Dex: 14    Spells: 8/8 levels left

rFire    . . .     SeeInvis .   a - +5 dagger (venom)
rCold    . . .     Faith    .   (shield restricted)
rNeg     . . .     Spirit   .   C - +0 chain mail
rPois    +         Reflect  .   v - +0 helmet
rElec    .         Harm     .   G - +2 cloak {rPois}
rCorr    .         Rampage  .   l - +0 pair of gloves
Will     .....                  n - +0 pair of boots
Stlth    ..........             (no amulet)
HPRegen  0.20/turn              (no ring)
MPRegen  0.11/turn              (no ring)

@: lethally poisoned (-3 -> -10), on berserk cooldown, slowed, very slow
A: small, no large weapons, nightstalker 3
a: Renounce Religion, Berserk, Trog's Hand, Brothers in Arms


You were on level 6 of the Dungeon.
You worshipped Trog.
Trog was greatly pleased with you.
You visited 1 branch of the dungeon, and saw 6 of its levels.
You also visited: Sewer.

You collected 311 gold pieces.

Inventory:

Hand Weapons
 a - a +5 dagger of venom (weapon)
 w - a +0 short sword of draining
Missiles
 b - 208 stones
 p - 13 boomerangs (quivered)
 q - 31 bolts
 y - 16 poisoned darts
 B - a curare-tipped dart
Armour
 l - a +0 pair of gloves (worn)
 n - a +0 pair of boots (worn)
 v - a +0 helmet (worn)
 C - a +0 chain mail (worn)
 G - a +2 cloak of poison resistance (worn)
Wands
 c - a wand of paralysis (7)
Scrolls
 f - a scroll of enchant weapon {unknown}
 g - a scroll of amnesia
 i - 4 scrolls of teleportation
 o - a scroll of acquirement {unknown}
 r - 2 scrolls of blinking {unknown}
 u - a scroll of magic mapping {unknown}
 D - a scroll of vulnerability {unknown}
 E - a scroll of enchant armour {unknown}
 F - a scroll of identify
Potions
 d - 4 potions of cancellation
 e - a potion of mutation {unknown}
 h - 5 potions of curing
 j - a potion of heal wounds
 k - a potion of berserk rage {unknown}
 m - 4 potions of haste
 s - 4 potions of brilliance
 t - a potion of magic {unknown}
 x - a potion of lignification {unknown}
 z - a potion of invisibility {unknown}
 A - 2 potions of resistance


   Skills:
 + Level 10.0 Fighting
 + Level 11.6 Short Blades
 - Level 1.5 Armour
 - Level 2.4 Dodging


You had 8 spell levels left.
You didn't know any spells.
Your spell library was empty.

Dungeon Overview and Level Annotations

Branches:
Dungeon (6/15)              Sewer (visited)
 Temple: D:4-7

Altars:
Elyvilon
Nemelex Xobeh
Okawaru
Ru
Yredelemnul
Lugonu

Shops:
D:5 (   D:6 !

Portals:
Abyss: D:3

Annotations:
D:6 Hypnoxylon's ghost, novice FoAK


Innate Abilities, Weirdness & Mutations

You are small and have problems with some larger weapons.
You are completely attuned to the shadows.


Message History

There is an open translucent door, spattered with blood here.
You see here a +0 club.
You feel sick.
You bump into the stone wall.
You feel your anger nearly subside.
You are no longer berserk.
You are exhausted.
You feel yourself slow down.
* * * LOW HITPOINT WARNING * * *
You feel sick. The gnoll closely misses you.
You bump into the stone wall.
* * * LOW HITPOINT WARNING * * *
You feel very sick.
The gnoll hits you from afar with a +0 spear.
* * * LOW HITPOINT WARNING * * *
You feel much better.
You feel very sick. The gnoll completely misses you.
The gnoll sergeant closely misses you.
The gnoll hits you from afar with a +0 spear.
The gnoll barely misses you.
You feel sick.
The gnoll sergeant hits you but does no damage.
The gnoll hits you from afar with a +0 halberd of venom.
The gnoll hits you but does no damage.
You are more poisoned.
The gnoll zaps a wand.
The puff of flame hits you.
The gnoll sergeant hits you but does no damage.
The gnoll sergeant hits you from afar with a +0 spear of venom.
* * * LOW HITPOINT WARNING * * *
You bump into the stone wall.
You feel less confused.
You feel very sick. The gnoll completely misses you.
The gnoll hits you with a +2 spear of venom.
* * * LOW HITPOINT WARNING * * *
The gnoll hits you but does no damage.
The gnoll sergeant hits you from afar with a +0 spear.
* * * LOW HITPOINT WARNING * * *
The gnoll sergeant closely misses you. The gnoll closely misses you.
The gnoll hits you with a +2 spear of venom.
You die...

..≈≈#.8.#.###.©.###.#.8.#≈≈......
..≈≈#.. ###.#####.### g#≈≈......
..≈≈## .....gW...... ##≈≈......
..≈≈.8 .######g###'##. 8.≈≈...#..
..≈≈.##.#$$?#8Wg#...#.##.≈≈...#..
..≈≈.# . #⌠©.....' #.≈≈...###
#.≈≈.##.#...#8g.#g..#.##.≈≈.#.##
#.≈≈.8 .######g###g##. 8.≈≈.#..#
#.≈≈## ......gg@g.... ##≈≈....##
#.≈≈#.. ###.#####©### W#≈≈.#.##.
#.≈≈#.8.#.###.©.###.#.8.#≈≈.#.##.
#.≈≈#####....)......#####≈≈...#..
#.≈≈≈≈≈≈≈≈≈≈≈≈≈≈≈≈≈≈≈≈≈≈≈≈≈......
..≈≈≈≈≈≈≈≈≈≈≈≈≈≈≈≈≈≈≈≈≈≈≈≈≈..#..#
...................(........###..
..............)..#.....####....≈.
##########.#...........###....≈.≈


You could see 2 gnoll sergeants and 4 gnolls.

Vanquished Creatures
  An ice beast (D:6)
  Duvessa (D:4)
  A hornet zombie (D:6)
  An orc warrior (D:6)
  3 black bears
  2 centaurs
  5 kobold brigands (Sewer)
  A gnoll sergeant (D:6)
  4 scorpions
  Dowan (D:4)
  A wyvern skeleton (D:6)
  A water moccasin skeleton (D:5)
  An electric eel (D:6)
  A bullfrog skeleton (D:6)
  A bullfrog zombie (D:6)
  An orc priest (D:6)
  2 gnoll shamans
  A jelly (D:5)
  A centaur skeleton (D:6)
  3 iguanas
  A howler monkey zombie (D:6)
  Robin (D:4)
  A howler monkey skeleton (D:6)
  5 gnolls
  11 adders
  A shadow imp (D:5)
  3 ufetubi
  A worm (D:5)
  3 dart slugs (D:1)
  3 orcs (D:6)
  7 bats
  6 endoplasms
  4 giant cockroaches
  17 goblins
  6 hobgoblins
  4 jackals (D:2)
  5 quokkas
  8 ball pythons
  3 frilled lizards
  19 kobolds
  10 rats
152 creatures vanquished.

Vanquished Creatures (others)
  33 plants
33 creatures vanquished.

Grand Total: 185 creatures vanquished

Notes
Turn   | Place    | Note
-------+----------+-------------------------------------------
     0 | D:1      | shadowrider38 the Kobold Berserker began the quest for the
                  | Orb.
     0 | D:1      | Reached XP level 1. HP: 14/14 MP: 1/1
   156 | D:1      | Reached XP level 2. HP: 13/19 MP: 2/2
   695 | D:1      | Reached XP level 3. HP: 23/24 MP: 3/3
   766 | D:1      | Reached ** piety under Trog
  1356 | D:2      | Reached skill level 5 in Short Blades
  1460 | D:2      | Reached XP level 4. HP: 29/29 MP: 4/4
  2119 | D:2      | Found a white marble altar of Elyvilon.
  2951 | D:3      | Found a large runed translucent door.
  2952 | D:3      | Found a large runed translucent door.
  3186 | D:3      | Reached XP level 5. HP: 32/34 MP: 5/5
  3474 | D:3      | Found a one-way gate to the infinite horrors of the Abyss.
  3565 | D:3      | Found a corrupted altar of Lugonu.
  3771 | D:4      | Reached skill level 5 in Fighting
  3771 | D:4      | Reached skill level 6 in Short Blades
  4007 | D:4      | Noticed a black bear
  4012 | D:4      | Killed a black bear
  4013 | D:4      | Reached XP level 6. HP: 41/41 MP: 6/6
  4191 | D:4      | Reached skill level 7 in Short Blades
  4791 | D:4      | Reached XP level 7. HP: 46/46 MP: 7/7
  4871 | D:4      | Noticed Robin
  4933 | D:4      | Killed Robin
  4933 | D:4      | Reached *** piety under Trog
  5144 | D:4      | Noticed Dowan
  5144 | D:4      | Noticed Duvessa
  5498 | D:4      | Killed Duvessa
  5637 | D:4      | Killed Dowan
  5638 | D:4      | Reached skill level 8 in Short Blades
  5869 | D:5      | Entered Level 5 of the Dungeon
  5959 | D:5      | Found a basalt altar of Yredelemnul.
  6079 | D:5      | Reached XP level 8. HP: 42/53 MP: 8/8
  6114 | D:5      | Found an iron altar of Okawaru.
  6249 | D:5      | Found a glowing drain.
  6255 | Sewer    | Entered a sewer
  6407 | Sewer    | Reached skill level 9 in Short Blades
  7352 | D:5      | Found Duighuon's Weapon Shoppe.
  7395 | D:5      | Reached skill level 10 in Short Blades
  7553 | D:6      | Reached XP level 9. HP: 35/60 MP: 9/9
  7718 | D:6      | Reached **** piety under Trog
  8006 | D:6      | Found a transporter.
  8091 | D:6      | Reached skill level 11 in Short Blades
  8646 | D:6      | Found Werrir's Distillery.
  8918 | D:6      | Found a sacrificial altar of Ru.
  9031 | D:6      | Found a sparkling altar of Nemelex Xobeh.
  9053 | D:6      | Found a transporter.
  9123 | D:6      | Identified the ring of Juol {Fly Int+6}
  9224 | D:6      | Noticed Hypnoxylon's ghost (novice FoAK)
  9605 | D:6      | Reached skill level 10 in Fighting
  9612 | D:6      | HP: 1/62 [gnoll sergeant (6)]
  9612 | D:6      | Slain by a gnoll

Illustrated notes

Levels and vault maps discovered:
D:1:      minmay_arrival_solitary_statue, layout_rooms, wad_floor_pattern_2
D:2:      layout_basic, basic_altar
D:3:      due_chaos_kobolds, layout_basic
D:4:      layout_basic, uniq_duvessa, uniq_robin
D:5:      layout_cave_pools, mainiacjoe_overflow_24_doors,
          mainiacjoe_overflow_brackets, serial_shops,
          nicolae_inconvenience_store, cheibrodos_sewer_entry_sluice,
          hellmonk_bongcloud_opening, grunt_ministairs_15, minmay_door_square,
          st_stairs_13
D:6:      layout_cave_pools, nicolae_ru_path_of_blood,
          nemelex_diamond_rough_becter, serial_shops, nicolae_shop_stone,
          gammafunk_ghost_gnarly_gnolls, serial_bayou_lagoon_a

Skill      XL: |  1  2  3  4  5  6  7  8  9 |
---------------+----------------------------+-----
Fighting       | 4 5 6 7 8 10 | 10.0
Short Blades   | 5 6 7 8 10 11 | 11.6
Armour         | |  1.5
Dodging        | |  2.4

Action                   |  1- 3 |  4- 6 |  7- 9 || total
-------------------------+-------+-------+-------++-------
Melee: Short sword       |    70 |   164 |    41 ||   275
       Dagger            |       |       |   284 ||   284
Throw: Boomerang         |       |     3 |       ||     3
Invok: Berserk           |     1 |     6 |    14 ||    21
  Use: Scroll            |       |       |     7 ||     7
       Potion            |       |       |     1 ||     1
 Stab: Sleeping          |     9 |     6 |       ||    15
Armor: Animal skin       |     1 |       |       ||     1
       Ring mail         |    14 |    41 |    14 ||    69
       Scale mail        |       |       |    29 ||    29
       Chain mail        |       |       |    42 ||    42
Dodge: Dodged            |    34 |    79 |   130 ||   243
